 Dungeon Crawl Stone Soup version 0.29.1-1-gd02db6906a (webtiles) character file.

Game seed: 3950128683583878115

724 Gabide the Grave Robber (level 7, -2/52 HPs)
             Began as a Mummy Necromancer on Sept 20, 2022.
             Engulfed by a steam dragon's steam (10 damage)
             ... on level 6 of the Dungeon on Sept 21, 2022.
             The game lasted 00:14:59 (5384 turns).

Gabide the Grave Robber (Mummy Necromancer)         Turns: 5384, Time: 00:15:00

Health: -2/52      AC:  8    Str: 11    XL:     7   Next: 43%
Magic:  4/13       EV: 12    Int: 16    God:
Gold:   126        SH:  0    Dex: 13    Spells: 10/14 levels left

rFire   x . .      SeeInvis .   a - +0 short sword
rCold   + . .      Faith    .   (no shield)
rNeg    + + +      Spirit   .   b - +0 leather armour
rPois   ∞          Reflect  .   (no helmet)
rElec   .          Harm     .   o - +0 cloak
rCorr   +          Rampage  .   g - +0 pair of gloves
Will    .....                   n - +2 pair of boots {Stlth+}
Stlth   +++.......              (no amulet)
HPRegen 0.17/turn               m - ring of resist corrosion
MPRegen 0.13/turn               (no ring)

@: very slightly contaminated, studying Short Blades
A: cold resistance 1, negative energy resistance 3, torment resistance 2, heat
vulnerability 1, in touch with death 1, no potions
a: no special abilities


You were on level 6 of the Dungeon.
You visited 1 branch of the dungeon, and saw 6 of its levels.

You collected 405 gold pieces.
You spent 279 gold pieces at shops.

Inventory:

Hand Weapons
 a - a +0 short sword (weapon)
 h - a +2 dagger of distortion
Missiles
 e - 5 poisoned darts
Armour
 b - a +0 leather armour (worn)
 g - a +0 pair of gloves (worn)
 n - a +2 pair of boots of stealth (worn)
 o - a +0 cloak (worn)
Magical Staves
 k - a staff of earth
Jewellery
 m - a ring of resist corrosion (left hand)
Wands
 p - a wand of charming (9)
Scrolls
 c - 2 scrolls of identify
 d - a scroll of noise
 f - 2 scrolls of fear
 i - 2 scrolls of poison
 j - a scroll of teleportation
 l - a scroll of butterflies
 q - a scroll of blinking {unknown}


   Skills:
 + Level 3.4 Fighting
 - Level 2.0 Short Blades
 - Level 2.0 Armour
 + Level 3.1 Dodging
 - Level 2.0 Stealth
 - Level 4.0 Spellcasting
 - Level 6.0 Necromancy


You had 10 spell levels left.
You knew the following spells:

 Your Spells              Type           Power      Damage    Failure   Level
a - Necrotise             Necr           100%       1d9       1%          1
b - Vampiric Draining     Necr           33%        2d8       5%          3

Your spell library contained the following spells:

 Spells                   Type           Power      Damage    Failure   Level
 Animate Dead             Necr           33%        N/A       19%         4
 Magic Dart               Conj           12%        1d3       22%         1
 Call Imp                 Summ           3%         N/A       32%         2
 Ensorcelled Hibernation  Hex/Ice        6%         N/A       32%         2
 Agony                    Necr           33%        N/A       45%         5
 Mephitic Cloud           Conj/Pois/Air  3%         N/A       54%         3
 Anguish                  Hex/Necr       9%         N/A       54%         4
 Malign Gateway           Summ/Tloc      1%         N/A       100%        7
 Summon Horrible Things   Summ           1%         N/A       100%        8
 Spider Form              Tmut/Pois      Unusable   N/A       N/A         3

Dungeon Overview and Level Annotations

Branches:
Dungeon (6/15)
 Temple: D:4-7

Altars:
Ashenzari
Dithmenos
Gozag
Hepliaklqana
Makhleb
Nemelex Xobeh
Wu Jian
Xom
Yredelemnul

Shops:
D:1 [

Annotations:
D:4 exclusion: ogre


Innate Abilities, Weirdness & Mutations

You are immune to poison.
Your flesh is cold resistant. (rC+)
You are immune to negative energy. (rN+++)
You are immune to unholy pain and torment.
You are vulnerable to heat. (rF-)
You are in touch with the powers of death.
You do not drink.


Message History

A steam dragon is nearby!
You feel a surge of power!
The steam dragon hisses angrily.
The steam dragon writhes in agony!
The steam dragon breathes steam at you. The ball of steam hits you!!
The steam scalds you terribly!
You are engulfed in a cloud of scalding steam.
You start resting.
A steam dragon is nearby!
Casting: Necrotise (safe; 1% risk of failure)
Confirm with . or Enter, or press ? or * to list all spells.
Aiming: Vampiric Draining (dangerous; 5% risk of failure)
Press: ? - help, Shift-Dir - straight line, f/p - steam dragon
Aim: a steam dragon (moderately wounded)
You feel a surge of power!
You miscast Vampiric Draining.
You are very lightly contaminated with residual magic.
Nothing appears to happen.
The steam dragon breathes steam at you. The ball of steam hits you!!
The steam scalds you terribly!
* * * LOW HITPOINT WARNING * * *
Casting: Vampiric Draining (dangerous; 5% risk of failure)
Confirm with . or Enter, or press ? or * to list all spells.
Aiming: Vampiric Draining (dangerous; 5% risk of failure)
Press: ? - help, Shift-Dir - straight line, f/p - steam dragon
Aim: a steam dragon (moderately wounded, catching its breath)
You feel a surge of power!
You draw life force from the steam dragon.
You feel life coursing into your body.
You are engulfed in a cloud of scalding steam.
The steam dragon closely misses you. The steam dragon barely misses you.
Casting: Vampiric Draining (dangerous; 5% risk of failure)
Confirm with . or Enter, or press ? or * to list all spells.
Aiming: Vampiric Draining (dangerous; 5% risk of failure)
Press: ? - help, Shift-Dir - straight line, f/p - steam dragon
Aim: a steam dragon (heavily wounded, catching its breath)
You feel a surge of power!
You draw life force from the steam dragon.
You feel life coursing into your body.
You are engulfed in a cloud of scalding steam.
You die...

...# .... #...# ##..#
####...## .?.## ........
#... ........ ##..#
........ #..D# #.#...#.
#.#§# #.#...#.
#.##@#.#######.#.<.#.
#....D.........#...#.
.....##.##.#####..#...#.
.... #.##.#####........
... #.##.##........###
.. ..##.##.##.##### .
####.##.##.# #.......#
####.#### ###


You could see a steam dragon (catching breath).

Vanquished Creatures
  An acid dragon (D:5)
  A water moccasin (D:5)
  A phantom (D:5)
  A necrophage (D:5)
  2 jellies (D:5)
  An orc priest (D:5)
  A hound (D:4)
  4 iguanas
  An orc wizard (D:5)
  6 adders
  2 worms
  A dart slug (D:1)
  10 orcs
  4 ball pythons
  3 bats
  2 endoplasms (D:1)
  2 giant cockroaches
  4 goblins
  11 hobgoblins
  2 jackals (D:2)
  A quokka (D:2)
  4 frilled lizards
  6 kobolds
  4 rats
  A spectral kobold (D:1)
76 creatures vanquished.

Vanquished Creatures (collateral kills)
  An orc (D:4)
  A bat (D:2)
  An endoplasm (D:2)
  A jackal (D:2)
4 creatures vanquished.

Grand Total: 80 creatures vanquished

Notes
Turn   | Place    | Note
-------+----------+-------------------------------------------
     0 | D:1      | Gabide the Mummy Necromancer began the quest for the Orb.
     0 | D:1      | Reached XP level 1. HP: 13/13 MP: 4/4
   347 | D:1      | Reached XP level 2. HP: 19/19 MP: 2/5
   541 | D:1      | Found Wonum's Armour Shoppe.
   618 | D:1      | Found a faded altar of an unknown god.
  1171 | D:2      | Gained mutation: You are in touch with the powers of death.
                  | [Mummy growth]
  1171 | D:2      | Reached XP level 3. HP: 24/24 MP: 4/7
  1436 | D:2      | Reached XP level 4. HP: 30/30 MP: 5/9
  1440 | D:2      | Learned a level 3 spell: Vampiric Draining
  2027 | D:3      | Reached skill level 5 in Necromancy
  2223 | D:3      | Found a burning altar of Makhleb.
  2483 | D:4      | Noticed an ogre
  2528 | D:4      | Found a shimmering altar of Xom.
  2528 | D:4      | Found a basalt altar of Yredelemnul.
  2584 | D:4      | Reached XP level 5. HP: 25/35 MP: 4/11
  2773 | D:1      | Bought a +2 pair of boots of stealth for 279 gold pieces
  2829 | D:5      | Entered Level 5 of the Dungeon
  3119 | D:4      | Found an opulent altar of Gozag.
  3124 | D:4      | Found a sparkling altar of Nemelex Xobeh.
  3128 | D:4      | Found an ornate altar of the Wu Jian Council.
  3354 | D:5      | Reached skill level 6 in Necromancy
  3458 | D:5      | Reached skill level 1 in Fighting
  3458 | D:5      | Reached skill level 1 in Armour
  3522 | D:5      | Reached XP level 6. HP: 35/43 MP: 6/12
  3719 | D:5      | Found a broken altar of Ashenzari.
  3955 | D:5      | Reached skill level 1 in Short Blades
  4187 | D:5      | Noticed a water moccasin
  4191 | D:5      | Killed a water moccasin
  4262 | D:5      | Found a shadowy altar of Dithmenos.
  4308 | D:5      | Noticed an acid dragon
  4313 | D:5      | Killed an acid dragon
  4314 | D:5      | Reached XP level 7. HP: 46/52 MP: 1/13
  5266 | D:6      | Found a hazy altar of Hepliaklqana.
  5374 | D:6      | Noticed a steam dragon
  5384 | D:6      | Engulfed by a steam dragon's steam

Illustrated notes

Levels and vault maps discovered:
D:1:      tarquinn_simple_flora_water_c, layout_rooms,
          dreamdust_ecumenical_altar_drowned_temple, serial_shops, shop,
          minmay_misc_feat_rows
D:2:      layout_rooms, minmay_tetromino_s4
D:3:      layout_basic, amcnicky_altar_gilded, chequers_serial_rivers_small_3
D:4:      layout_basic, jmf_multi_god_temple, minitemple
D:5:      layout_loops_ring, lemuel_doored_altar,
          grunt_dithmenos_smoke_and_mirrors, st_stairs_2,
          chequers_serial_rivers_micro_a, grunt_ministairs_2,
          corexii_item_surrounded_by_moat, minmay_manual_macuahuitl
D:6:      layout_loops_cross, nicolae_hepliaklqana_hazy_memory,
          nicolae_elyvilon_temple_path, minmay_temple_entry_crystal_x

Skill      XL: |  1  2  3  4  5  6  7 |
---------------+----------------------+-----
Spellcasting   | 3 4 |  4.0
Stealth        | 2 |  2.0
Dodging        | 2 3 |  3.1
Necromancy     | 5 6 |  6.0
Fighting       | 1 3 |  3.4
Armour         | 1 2 |  2.0
Short Blades   | 2 |  2.0

Action                   |  1- 3 |  4- 6 |  7- 9 || total
-------------------------+-------+-------+-------++-------
Melee: Unarmed           |    21 |       |       ||    21
       Short sword       |       |    38 |    55 ||    93
       Punch             |       |       |     1 ||     1
 Cast: Necrotise         |    58 |    80 |    13 ||   151
       Vampiric Draining |       |     9 |     2 ||    11
  Use: Scroll            |       |     5 |     1 ||     6
 Stab: Sleeping          |       |     1 |       ||     1
Armor: Leather armour    |     5 |    18 |    15 ||    38
Dodge: Dodged            |    20 |    30 |    25 ||    75
